 Dungeon Crawl Stone Soup version 0.22.1-1-ga44c0e56f4 (webtiles) character file.

341 D1HalberdGnoll the Chopper (level 6, -7/42 HPs)
             Began as a Halfling Warper on Sept 21, 2018.
             Was an Initiate of Elyvilon.
             Mangled by Sigmund
             ... wielding a +0 scythe
              (11 damage)
             ... on level 4 of the Dungeon.
             The game lasted 00:08:46 (5851 turns).

D1HalberdGnoll the Chopper (Halfling Warper)        Turns: 5851, Time: 00:08:47

Health: -7/42      AC:  3    Str: 14    XL:     6   Next: 87%
Magic:  8/8        EV: 21    Int: 11    God:    Elyvilon [......]
Gold:   81         SH:  0    Dex: 19    Spells: 6/8 levels left

rFire    . . .     SeeInvis .   b - +0 hunting sling
rCold    . . .     Gourm    .   (shield restricted)
rNeg     . . .     Faith    .   c - +0 leather armour
rPois    .         Spirit   .   (no helmet)
rElec    .         Reflect  .   (no cloak)
rCorr    .         Harm     .   (no gloves)
MR       .....                  (no boots)
Stlth    ++........             (no amulet)
HPRegen  0.14/turn              (no ring)
MPRegen  0.11/turn              (no ring)

@: agile
A: small, mutation resistance 1
a: Renounce Religion


You were on level 4 of the Dungeon.
You worshipped Elyvilon.
Elyvilon was noncommittal.
You were very hungry.

You visited 2 branches of the dungeon, and saw 5 of its levels.

You collected 81 gold pieces.

Inventory:

Hand Weapons
 a - a +1 hand axe
 b - a +0 hunting sling (weapon)
Missiles
 e - 5 tomahawks of dispersal
 h - 34 stones (quivered)
 j - 15 sling bullets
Armour
 c - a +0 leather armour (worn)
Jewellery
 k - an uncursed ring of fire
Scrolls
 g - a scroll of remove curse
Potions
 i - a potion of brilliance
Comestibles
 f - 7 rations


   Skills:
 + Level 3.1 Fighting
 + Level 4.5 Axes
 + Level 0.0(0.8) Slings
 - Level 1.0 Throwing
 - Level 3.1 Armour
 - Level 3.7 Dodging
 - Level 1.5 Spellcasting
 - Level 3.2 Translocations


You had 6 spell levels left.
You knew the following spells:

 Your Spells              Type           Power        Failure   Level  Hunger
a - Shroud of Golubria    Chrm/Tloc      #.........   28%         2    ###....

Your spell library contained the following spells:

 Spells                   Type           Power        Failure   Level  Hunger
 Blink                    Tloc           N/A          14%         2    ###....
 Gell's Gravitas          Tloc           #.........   28%         3    ####...
 Lesser Beckoning         Tloc           #.........   28%         3    ####...
 Teleport Other           Tloc           #.......     28%         3    ####...
 Passage of Golubria      Tloc           N/A          67%         4    #####..


Dungeon Overview and Level Annotations

Branches:
Dungeon (4/15)             Temple (1/1) D:4

Altars:
Dithmenos
Elyvilon
Wu Jian

Annotations:
D:4 Sigmund


Innate Abilities, Weirdness & Mutations

You are small and have problems with some larger weapons.
You are somewhat resistant to further mutation.


Message History

You shoot a stone. Something completely misses you.
Firing (i - inventory. (/) - cycle)
h - 39 stones (quivered)
Press: ? - help, Shift-Dir - straight line You shoot a stone.
Something hits you!
* * * LOW HITPOINT WARNING * * *
Firing (i - inventory. (/) - cycle)
h - 38 stones (quivered)
Press: ? - help, Shift-Dir - straight line You shoot a stone.
Something closely misses you.
Firing (i - inventory. (/) - cycle)
h - 37 stones (quivered)
Press: ? - help, Shift-Dir - straight line You shoot a stone.
Something hits you! Elyvilon protects you from harm!
Firing (i - inventory. (/) - cycle)
h - 36 stones (quivered)
Press: ? - help, Shift-Dir - straight line You shoot a stone.
You feel less confused.
Firing (i - inventory. (/) - cycle)
h - 35 stones (quivered)
Press: ? - help, Shift-Dir - straight line You shoot a stone.
Something hits you!
You die...

#..#.#.## ##... ## #.
##.##.##.#####...# #. #.
..#...........>..##. ##
##.##.##..####...#.
..#### ##..#.#.#.# #..#
...... ...#...##.# #..#
..###. ###.....#.# #(.#
#. ##........#####(.##
#. ...<............@.#
#.
.##.##.##.###.#(#.{.....
##
.#.......[.##.#.###(#<..
..............#.# .# #
##..⌠...⌠..#....# (.
##.........#...####..#.#
......>.................
.#.........###.####..#.
.#..⌠...⌠..###.####..#


There were no monsters in sight!

Vanquished Creatures
  A bullfrog (D:2)
  3 hounds (D:4)
  A centaur skeleton (D:4)
  A worker ant (D:4)
  4 adders
  2 oozes
  A worm (D:3)
  2 dart slugs (D:2)
  2 leopard geckos
  2 orcs
  13 goblins
  8 hobgoblins
  9 jackals
  2 quokkas
  A ball python (D:1)
  9 bats
  10 frilled lizards
  5 kobolds
  A leopard gecko skeleton (D:4)
  9 rats
86 creatures vanquished.

Notes
Turn   | Place    | Note
-------+----------+-------------------------------------------
     0 | D:1      | D1HalberdGnoll the Halfling Warper began the quest for the
                  | Orb.
     0 | D:1      | Reached XP level 1. HP: 14/14 MP: 3/3
   424 | D:1      | Reached XP level 2. HP: 16/19 MP: 4/4
   470 | D:1      | Learned a level 2 spell: Shroud of Golubria
  1066 | D:1      | Reached XP level 3. HP: 3/24 MP: 5/5
  2398 | D:2      | Reached XP level 4. HP: 28/29 MP: 6/6
  2473 | D:2      | Reached skill level 3 in Axes
  3546 | D:3      | Noticed a bullfrog
  3574 | D:2      | Killed a bullfrog
  3574 | D:2      | Reached XP level 5. HP: 6/35 MP: 7/7
  4655 | D:4      | Reached skill level 4 in Axes
  4655 | D:4      | Reached XP level 6. HP: 35/41 MP: 8/8
  5333 | D:4      | Found a staircase to the Ecumenical Temple.
  5577 | Temple   | Entered the Ecumenical Temple
  5588 | Temple   | Became a worshipper of Elyvilon the Healer
  5819 | D:4      | Noticed Sigmund
  5849 | D:4      | Elyvilon protects you from harm!
  5851 | D:4      | Mangled by Sigmund

Skill      XL: |  1  2  3  4  5  6 |
---------------+-------------------+-----
Fighting       | 2 3 |  3.1
Axes           | 3 4 |  4.5
Armour         | 2 3 |  3.1
Dodging        | 3 |  3.7
Throwing       | |  1.0
Spellcasting   | |  1.5
Translocations | |  3.2

Action                   |  1- 3 |  4- 6 || total
-------------------------+-------+-------++-------
Melee: Hand axe          |   172 |   206 ||   378
 Fire: Hunting sling     |       |    44 ||    44
 Cast: Shroud of Golubri |       |     2 ||     2
  Use: Scroll            |     1 |    10 ||    11
       Potion            |     2 |     5 ||     7
 Stab: Sleeping          |       |     3 ||     3
  Eat: Chunk             |     5 |    10 ||    15
Armor: Leather armour    |    40 |    40 ||    80
       Skin              |    21 |       ||    21
Dodge: Dodged            |   136 |   186 ||   322
